 Dungeon Crawl Stone Soup version 0.32-a0-791-gfc315c9ecd (webtiles) character file.

Game seed: 12772028117554049123

28 Alarak the Chopper (level 3, -1/31 HPs)
             Began as a Gnoll Reaver on Mar 21, 2024.
             Slain by Sigmund
             ... wielding a +0 scythe
              (8 damage)
             ... on level 2 of the Dungeon.
             The game lasted 00:03:51 (1258 turns).

Alarak the Chopper (Gnoll Reaver)                   Turns: 1258, Time: 00:03:52

Health: -1/31      AC:  5    Str: 13    XL:     3   Next: 12%
Magic:  9/9        EV: 10    Int: 12    God:
Gold:   25         SH:  0    Dex: 10    Spells: 11/12 levels left

rFire   . . .        a - +1 hand axe
rCold   . . .        (no shield)
rNeg    . . .        h - +0 ring mail
rPois   .            (no helmet)
rElec   .            (no cloak)
rCorr   .            (no gloves)
SInv    .            (no boots)
Will    .....        (no amulet)
Stlth   +            (no ring)
HPRegen 0.25/turn    (no ring)
MPRegen 0.11/turn

%: no passive effects
@: no status effects
A: fangs 1, strong nose, distributed training
a: no special abilities


You were on level 2 of the Dungeon.
You visited 1 branch of the dungeon, and saw 2 of its levels.

You collected 25 gold pieces.

Inventory:

Hand Weapons
 a - a +1 hand axe (weapon)
Armour
 b - a +0 leather armour
 h - a +0 ring mail (worn)
Scrolls
 c - a scroll of fog {unknown}
 d - a scroll of identify
Potions
 f - a potion of degeneration


   Skills:
 + Level 4.5 Fighting
 + Level 0.7 Short Blades
 + Level 0.7 Long Blades
 + Level 6.5 Axes
 + Level 0.7 Maces & Flails
 + Level 0.7 Polearms
 + Level 0.7 Staves
 + Level 0.7 Ranged Weapons
 + Level 0.7 Throwing
 + Level 0.7 Armour
 + Level 4.5 Dodging
 + Level 0.7 Stealth
 + Level 0.7 Shields
 + Level 0.7 Unarmed Combat
 + Level 5.0 Spellcasting
 + Level 5.4 Conjurations
 + Level 0.5 Hexes
 + Level 0.5 Summonings
 + Level 0.5 Necromancy
 + Level 0.5 Translocations
 + Level 0.5 Fire Magic
 + Level 0.5 Ice Magic
 + Level 0.5 Air Magic
 + Level 0.5 Earth Magic
 + Level 0.5 Alchemy
 + Level 0.9 Invocations
 + Level 0.7 Evocations
 + Level 0.6 Shapeshifting


You had 11 spell levels left.
You knew the following spells:

 Your Spells              Type           Power      Damage    Failure   Level
a - Kiss of Death         Conj/Necr      40%        2d8       13%         1

Your spell library contained the following spells:

 Spells                   Type           Power      Damage    Failure   Level
 Momentum Strike          Conj/Tloc      20%        3d8       19%         2
 Hailstorm                Conj/Ice       10%        3d6       36%         3


Dungeon Overview and Level Annotations

Branches:
Dungeon (2/15)

Altars:

Shops:
D:1 ?([?[

Annotations:
D:2 Sigmund


Innate Abilities, Weirdness & Mutations

You have very sharp teeth.
Your uncanny sense of smell can sniff out nearby items.
Your experience applies equally to all skills.


Message History

No target in view!
No target in view!
No target in view!
No target in view!
No target in view!
No target in view!
No target in view!
No target in view!
No target in view!
No target in view!
No target in view!
No target in view!
No target in view!
No target in view!
No target in view!
No target in view!
No target in view!
There is a strange disturbance nearby!
You hear a splashing noise.
A puff of flame appears from out of thin air!
The puff of flame hits you. Something hits you but does no damage.
You enter the shallow water.
Moving in this stuff is going to be slow.
You are engulfed in a cloud of scalding steam.
Your unstable footing causes you to fumble your attack.
Something hits you!
Your unstable footing causes you to fumble your attack.
Something hits you.
Your unstable footing causes you to fumble your attack.
Your unstable footing causes you to fumble your attack.
Something hits you!
* * * LOW HITPOINT WARNING * * *
Sorry, you're not good enough to have a special ability.
It was a potion of curing.
You feel better.
You hear a splashing noise.
Something hits you.
* * * LOW HITPOINT WARNING * * *
Something hits you!
You die...

♣~~~PPP### .S PP~.##.#
~P≈~~~. ♣.. PP.....#####
~~≈P~.. ~~# PP.##......#
### ~≈~~~~. ~P~
PP~##.####.### #.♣ ~≈≈~P..
.P~ ~PP.#........# #.♣
~≈≈PP~. ♣♣~~~PP......#
#.♣♣~~~~♣..
~≈♣≈~~~~.#...###.♣~~~~~~..
PPP~P♣~~~..#....@~{~P~~.~.
~P~..~PP.....###.♣~~~~P...
##..##.##.##.# #..♣~♣~PP..
##..........# #.....~~...
#######.#### #.....#♣~..
#.# #.....# .. #.# #.....#
. #.# #....?# #.


There were no monsters in sight!

Vanquished Creatures
  2 ribbon worms (D:2)
  A bat (D:2)
  4 endoplasms (D:1)
  A goblin (D:1)
  2 hobgoblins
  A quokka (D:1)
  4 ball pythons
  2 frilled lizards (D:1)
  A kobold (D:1)
  5 rats
23 creatures vanquished.

Notes
Turn   | Place    | Note
-------+----------+-------------------------------------------
     0 | D:1      | Alarak the Gnoll Reaver began the quest for the Orb.
     0 | D:1      | Reached XP level 1. HP: 20/20 MP: 6/6
    25 | D:1      | Found Teimeh's Armour Emporium.
    63 | D:1      | Found Ycvungob's Armour Shoppe.
   129 | D:1      | Found Jilifed's Weapon Shop.
   254 | D:1      | Found Gait's Magic Scroll Boutique.
   293 | D:1      | Reached XP level 2. HP: 23/26 MP: 7/7
   611 | D:1      | Found Haomonn's Magic Scroll Shop.
   719 | D:2      | Noticed Sigmund
  1159 | D:2      | Reached skill level 5 in Spellcasting
  1159 | D:2      | Reached XP level 3. HP: 31/31 MP: 7/9
  1258 | D:2      | Slain by Sigmund

Illustrated notes

Levels and vault maps discovered:
D:1:      erik_arrival_triangle_small, layout_basic, serial_shops,
          nicolae_shop_advertising_works [nicolae_subvault_shop_adworks],
          nicolae_shop_window_shopping, nicolae_shop_tiny_glass, shop,
          nicolae_shop_hallway_plus, minmay_misc_feat_plants,
          corexii_hall_statues_x
D:2:      layout_loops_cross, serial_shops, shop, serial_bayou,
          serial_bayou_ford_a, serial_bayou_lagoon_a, serial_bayou_lake_a,
          serial_bayou_pond_e, serial_bayou_pond_a, serial_bayou_pond_d,
          uniq_sigmund

Skill      XL: |  1  2 |
---------------+-------+-----
Spellcasting   | 5 |  5.0
Fighting       | |  4.5
Short Blades   | |  0.7
Long Blades    | |  0.7
Axes           | |  6.5
Maces & Flails | |  0.7
Polearms       | |  0.7
Staves         | |  0.7
Ranged Weapons | |  0.7
Throwing       | |  0.7
Armour         | |  0.7
Dodging        | |  4.5
Stealth        | |  0.7
Shields        | |  0.7
Unarmed Combat | |  0.7
Conjurations   | |  5.4
Hexes          | |  0.5
Summonings     | |  0.5
Necromancy     | |  0.5
Translocations | |  0.5
Fire Magic     | |  0.5
Ice Magic      | |  0.5
Air Magic      | |  0.5
Earth Magic    | |  0.5
Alchemy        | |  0.5
Invocations    | |  0.9
Evocations     | |  0.7
Shapeshifting  | |  0.6

Action                     || total
---------------------------++-------
  Melee: Hand axe          ||    92
         Bite              ||     8
    Use: Scroll            ||     4
         Potion            ||     1
 Armour: Leather armour    ||    21
         Ring mail         ||    27
  Dodge: Dodged            ||    56

Table legend: (Time is in decaauts)
 A = Elapsed time spent in this place.
 B = Non-inter-level travel time spent in this place.
 C = Inter-level travel time spent in this place.
 D = Time resting spent in this place.
 E = Time spent auto-exploring this place.
 F = Levels seen in this place.
 G = Mean time per level.
                   A        B        C        D        E       F      G
               +--------+--------+--------+--------+--------+-----+--------+
         Total |   1267 |   1051 |    216 |    108 |    721 |   2 |  633.5 |
       Dungeon |   1267 |   1051 |    216 |    108 |    721 |   2 |  633.5 |
               +--------+--------+--------+--------+--------+-----+--------+

Top non-repeatable levels by time:
     D:1: 993 daAuts
     D:2: 274 daAuts
